 Dungeon Crawl Stone Soup version 0.19-a0-1856-g32653aa (webtiles) character file.

147 rvm the Conjurer (level 5, -11/28 HPs)
             Began as a Deep Elf Conjurer on Oct 11, 2016.
             Was an Initiate of Vehumet.
             Engulfed by a cloud of flame (22 damage)
             ... on level 3 of the Dungeon.
             The game lasted 00:09:33 (2482 turns).

rvm the Conjurer (Deep Elf Conjurer)                Turns: 2482, Time: 00:09:34

Health: -11/28     AC:  4    Str:  5    XL:     5   Next: 8%
Magic:  9/14       EV: 12    Int: 26    God:    Vehumet [......]
Gold:   71         SH:  0    Dex: 15    Spells: 4 memorised, 3 levels left

rFire  . . .     SeeInvis .     t - +0 dagger (drain)
rCold  . . .     Gourm    .     h - +0 leather armour
rNeg   . . .     Faith    .     (no shield)
rPois  .         Spirit   .     (no helmet)
rElec  .         Dismiss  .     u - +0 cloak
rCorr  .         Reflect  .     (no gloves)
MR     .....     Harm     .     (no boots)
Stlth  ++........               (no amulet)
                                (no ring)
                                (no ring)

@: brilliant
A: no striking features
a: Renounce Religion


You were on level 3 of the Dungeon.
You worshipped Vehumet.
Vehumet was noncommittal.
You were not hungry.

You visited 1 branch of the dungeon, and saw 3 of its levels.

You collected 71 gold pieces.

Inventory:

Hand Weapons
 e - a +0 short sword
 q - a +0 quarterstaff
 t - a +0 dagger of draining (weapon)
Armour
 a - a +0 robe
 h - a +0 leather armour (worn)
 u - a +0 cloak (worn)
Jewellery
 d - a cursed ring of teleportation {unknown}
 l - a +3 ring of intelligence {unknown}
Scrolls
 j - a scroll of fear {unknown}
 k - a scroll of enchant weapon {unknown}
 n - a scroll of immolation {unknown}
 r - a scroll of noise {unknown}
 v - a scroll of teleportation {unknown}
 x - a scroll of enchant armour {unknown}
Potions
 f - 2 potions of degeneration
 m - a potion of brilliance
 o - a potion of might {unknown}
 s - a potion of curing {unknown}
 w - a potion of magic {unknown}
Books
 b - a book of Conjurations

   Spells                             Type                      Level
   a - Magic Dart                     Conjuration                  1
   b - Searing Ray                    Conjuration                  2
   c - Dazzling Spray                 Conjuration/Hexes            3
   d - Fulminant Prism                Conjuration/Hexes            4
   e - Iskenderun's Mystic Blast      Conjuration                  4
   f - Iskenderun's Battlesphere      Conjuration/Charms           5
 p - a book of Dreams

   Spells                             Type                      Level
   a - Ensorcelled Hibernation        Hexes/Ice                    2
   b - Silence                        Hexes/Air                    5
   c - Darkness                       Hexes                        6
   d - Shadow Creatures               Summoning                    6
Comestibles
 c - 2 bread rations
 g - 3 meat rations
 i - 2 chunks of flesh


   Skills:
 - Level 2.4 Dodging
 - Level 2.4 Stealth
 + Level 4.7 Spellcasting
 * Level 6.3 Conjurations


You had 3 spell levels left.
You knew the following spells:

 Your Spells              Type           Power        Failure   Level  Hunger
a - Magic Dart            Conj           ####         1%          1    None
b - Searing Ray           Conj           ######       1%          2    None
c - Dazzling Spray        Conj/Hex       #####.       1%          3    ##.....
d - Iskenderun's Mystic   Conj           ######..     1%          4    ####...


Dungeon Overview and Level Annotations

Branches:
Dungeon (3/15)

Altars:
Ru
Vehumet


Message History

Casting: Magic Dart
Confirm with . or Enter, or press ? or * to list all spells.
Okay, then.
Casting: Magic Dart
Confirm with . or Enter, or press ? or * to list all spells.
Aiming: Iskenderun's Mystic Blast
Press: ? - help, Shift-Dir - straight line, f - orc priest
Aim: an orc priest, wielding a hand axe The orb of energy hits the orc priest.
You kill the orc priest!
You have reached level 5!
The orb of energy explodes!
There is a radiant altar of Vehumet here.
You kneel at the altar of Vehumet.
Vehumet welcomes you!
You are engulfed in roaring flames.
Ouch! That really hurt!
You are engulfed in roaring flames.
Ouch! That really hurt!
You die...

#.##.#.#######.......#
#.##.#.# ##..^.###.#
#####.##.#.#####>.#..#
#.#
.................###>#
#.#
#####.####.#####..#..#
#.# #.# #.# ##...##
#.# ## #.#
#.######...####.# .#
#.# #.##§.§..#).....#
.####.#
#.)..§.@...######
......# #.#.).§§§.##
.###### #.#.)§.§..#
........ #.#...§..##
#######. ########


There were no monsters in sight!

Vanquished Creatures
  An orc priest (D:3)
  A bullfrog skeleton (D:3)
  3 adders (D:2)
  A worm (D:2)
  2 dart slugs
  4 leopard geckos
  2 orcs (D:3)
  A giant cockroach (D:1)
  11 hobgoblins
  3 bats
  7 frilled lizards
  7 goblins
  5 kobolds
  6 rats
54 creatures vanquished.

Vanquished Creatures (others)
  An orc priest (D:3)
1 creature vanquished.

Grand Total: 55 creatures vanquished

Notes
Turn   | Place    | Note
-------+----------+-------------------------------------------
     0 | D:1      | rvm the Deep Elf Conjurer began the quest for the Orb.
     0 | D:1      | Reached XP level 1. HP: 10/10 MP: 6/6
   340 | D:1      | Reached XP level 2. HP: 15/15 MP: 4/8
   387 | D:1      | Learned a level 2 spell: Searing Ray
   750 | D:2      | Reached skill level 5 in Conjurations
  1009 | D:2      | Reached XP level 3. HP: 19/19 MP: 2/10
  1129 | D:2      | Found a sacrificial altar of Ru.
  1350 | D:2      | Found a faded altar of an unknown god.
  1530 | D:2      | Reached XP level 4. HP: 24/24 MP: 4/12
  1591 | D:2      | Learned a level 3 spell: Dazzling Spray
  1596 | D:2      | Learned a level 4 spell: Iskenderun's Mystic Blast
  2012 | D:3      | Reached skill level 6 in Conjurations
  2356 | D:3      | Found a radiant altar of Vehumet.
  2478 | D:3      | Reached XP level 5. HP: 28/28 MP: 9/14
  2481 | D:3      | Became a worshipper of Vehumet
  2482 | D:3      | Engulfed by a cloud of flame

Vault maps used:
D:1:      scummos_arrival_forest, hangedman_decor_clover_reticule
D:2:      ecumenical_altar_2, minmay_misc_feat_four_crosses,
          hangedman_ru_absence
D:3:      fiery_altar_vehumet, gammafunk_temple_overflow_forgotten, first_bread,
          minmay_fountain_box

Skill      XL: |  1  2  3  4 |
---------------+-------------+-----
Conjurations   | 5 6 |  6.3
Spellcasting   | 4 |  4.7
Dodging        | |  2.4
Stealth        | |  2.4

Action                   |  1- 3 |  4- 6 || total
-------------------------+-------+-------++-------
Melee: Quarterstaff      |       |     1 ||     1
 Cast: Magic Dart        |    67 |    31 ||    98
       Searing Ray       |     2 |     2 ||     4
       Iskenderun's Myst |       |     1 ||     1
  Use: Scroll            |       |     2 ||     2
       Potion            |       |     1 ||     1
  Eat: Chunk             |     2 |     3 ||     5
Armor: Leather armour    |     1 |     1 ||     2
Dodge: Dodged            |     2 |     2 ||     4
